 Dungeon Crawl Stone Soup version 0.29-a0-813-g4a14ea37d6 (webtiles) character file.

Game seed: 8210768056469416495

136 gobodom the Covered (level 4, -10/40 HPs)
             Began as a Minotaur Fighter on July 4, 2022.
             Was a Follower of Ashenzari.
             Killed by divine providence
             ... invoked by an orc priest
              (12 damage)
             ... on level 3 of the Dungeon.
             The game lasted 00:08:52 (2681 turns).

gobodom the Covered (Minotaur Fighter)              Turns: 2681, Time: 00:08:52

Health: -10/40     AC:  7    Str: 21    XL:     4   Next: 98%
Magic:  3/3        EV: 10    Int:  5    God:    Ashenzari [*.....]
Gold:   88         SH:  6    Dex: 11    Spells: 3/3 levels left

rFire   . . .      SeeInvis +   a - +1 war axe (drain)
rCold   . . .      Faith    .   c - +1 buckler
rNeg    . . .      Spirit   .   b - +0 scale mail "Elysian Ordeal" {Fort, Cun} (curse)
rPois   .          Reflect  .   (helmet restricted)
rElec   .          Harm     .   j - scarf of Ashenzari's Adversity {+Inv, Fort, Cun} (curse)
rCorr   .          Rampage  .   (no gloves)
Will    .....                   (no boots)
Stlth   ..........              (no amulet)
HPRegen 0.13/turn               i - ring of see invisible
MPRegen 0.08/turn               (no ring)

@: no status effects
A: horns 2, retaliatory headbutt
a: Renounce Religion, Evoke Invisibility, Curse Item, Shatter the Chains


You were on level 3 of the Dungeon.
You worshipped Ashenzari.
Ashenzari was aware of your devotion.
You visited 1 branch of the dungeon, and saw 3 of its levels.

You collected 88 gold pieces.

Inventory:

Hand Weapons
 a - a +1 war axe of draining (weapon)
Armour
 b - the cursed +0 scale mail "Elysian Ordeal" (worn) {Fort, Cun}

   It has a curse which improves the following skills: Fortitude: Armour and
   Shields.
   Cunning:   Dodging and Stealth.
 c - a +1 buckler (worn)
 j - the cursed scarf of Ashenzari's Adversity (worn) {+Inv, Fort, Cun}
   (You found it on level 1 of the Dungeon)

   It has a curse which improves the following skills: Fortitude: Armour and
   Shields.
   Cunning:   Dodging and Stealth.
Jewellery
 i - a ring of see invisible (left hand)
Scrolls
 e - 3 scrolls of identify
 g - a scroll of vulnerability
 h - a scroll of fear
 n - a scroll of teleportation
 o - a scroll of immolation
Potions
 d - a potion of might
 f - a potion of brilliance
 l - a potion of ambrosia
 m - a potion of attraction
 p - a potion of haste


   Skills:
 + Level 4.1 Fighting
 + Level 4.2 Axes
 + Level 4.2(5.5) Armour
 * Level 1.4(2.3) Dodging
 * Level 1.2(2.1) Stealth
 + Level 4.0(5.3) Shields


You had 3 spell levels left.
You didn't know any spells.
Your spell library contained the following spells:

 Spells                   Type           Power      Damage    Failure   Level
 Ensorcelled Hibernation  Hex/Ice        0%         N/A       95%         2
 Passwall                 Tmut/Erth      0%         N/A       95%         2
 Swiftness                Air            0%         N/A       99%         3


Dungeon Overview and Level Annotations

Branches:
Dungeon (3/15)

Altars:
Ashenzari


Innate Abilities, Weirdness & Mutations

You have a pair of horns on your head.
You reflexively headbutt those who attack you in melee.


Message History

The orc closely misses you. You block the frilled lizard's attack.
You closely miss the orc.
The orc is severely wounded.
You miss the frilled lizard. You block the frilled lizard's attack.
The orc closely misses you. The ball python barely misses you.
The ball python grabs you. The ball python constricts you.
You hit the orc. You drain the orc.
You kill the orc!
You hit the ball python. You drain the ball python.
You kill the ball python!
You slash the frilled lizard!
You kill the frilled lizard!
You closely miss the orc priest. The orc priest barely misses you.
The orc priest hits you but does no damage.
The orc hits you but does no damage.
You hit the orc priest. You drain the orc priest.
The orc priest is moderately wounded.
You barely miss the orc. You hit the orc. You drain the orc.
You kill the orc!
The orc priest closely misses you. The orc hits you but does no damage.
You closely miss the orc priest. Your headbutt misses the orc priest.
The orc priest is moderately wounded.
You slash the orc!
You kill the orc!
You closely miss the orc.
The orc priest calls down the wrath of Beogh upon you.
Beogh smites you!
* * * LOW HITPOINT WARNING * * *
The orc closely misses you. You furiously retaliate!
You headbutt the orc!
You kill the orc!
The orc priest hits you with a +0 flail!
* * * LOW HITPOINT WARNING * * *
You closely miss the orc priest. Your headbutt misses the orc priest.
The orc priest is moderately wounded.
The orc priest closely misses you.
You barely miss the orc priest. You headbutt the orc priest!
The orc priest is almost dead.
The orc priest mumbles some strange prayers to Beogh against you.
Beogh smites you!
You die...

(........#
.........# #
.........+ ..
.........###.
....(.......
..........##.##
......)o).....<
#@####.#######
#.#....#.....
####.#.##......#
#......##......#
#......##.....[#
#.....###......#
#.....#....<...#
..
#.......#......#
...
###............#


You could see an orc priest (very drained).

Vanquished Creatures
  Robin (D:2)
  2 adders (D:2)
  3 gnolls (D:2)
  2 dart slugs
  5 orcs
  8 endoplasms
  5 hobgoblins
  4 jackals (D:2)
  A quokka (D:2)
  6 ball pythons
  6 bats
  5 frilled lizards
  13 goblins
  A kobold (D:1)
  3 rats
65 creatures vanquished.

Vanquished Creatures (others)
  4 toadstools (D:1)
4 creatures vanquished.

Grand Total: 69 creatures vanquished

Notes
Turn   | Place    | Note
-------+----------+-------------------------------------------
     0 | D:1      | gobodom the Minotaur Fighter began the quest for the Orb.
     0 | D:1      | Reached XP level 1. HP: 19/19 MP: 0/0
   384 | D:1      | Reached XP level 2. HP: 26/27 MP: 1/1
   688 | D:1      | Found a faded altar of an unknown god.
   692 | D:1      | Prayed at the altar of an unknown god.
   692 | D:1      | Became a worshipper of Ashenzari the Shackled
  1317 | D:2      | Reached XP level 3. HP: 33/33 MP: 2/2
  1480 | D:2      | Reached * piety under Ashenzari
  1851 | D:2      | Reached skill level 1 in Dodging
  1851 | D:2      | Reached XP level 4. HP: 29/40 MP: 3/3
  1853 | D:2      | Reached skill level 1 in Stealth
  1996 | D:2      | Noticed Robin
  2014 | D:2      | Killed Robin
  2679 | D:3      | HP: 2/40 [orc priest/+0 flail (8)]
  2681 | D:3      | Killed from afar by an orc priest

Illustrated notes

Levels and vault maps discovered:
D:1:      ldierk_walled_garden_2, layout_basic, serial_glass, glass_columns_c,
          glass_columns_b, ebering_ecumenical_altar_box,
          hangedman_decor_growths, minmay_unequal
D:2:      layout_basic, minmay_3d_cube, uniq_robin
D:3:      layout_basic, chequers_serial_rivers_small_b,
          hangedman_decor_slide_cut, serial_park_tiny_pond, uniq_ijyb

Skill      XL: |  1  2  3  4 |
---------------+-------------+-----
Fighting       | 4 |  4.1
Axes           | 3 4 |  4.2
Armour         | 4 |  4.2
Dodging        | 1 |  1.4
Shields        | 4 |  4.0
Stealth        | 1 |  1.2

Action                   |  1- 3 |  4- 6 || total
-------------------------+-------+-------++-------
Melee: War axe           |    81 |    31 ||   112
       Headbutt          |     6 |     5 ||    11
Throw: Dart              |       |     6 ||     6
Invok: Curse Item        |     2 |       ||     2
  Use: Scroll            |     3 |       ||     3
Armor: Scale mail        |    32 |    15 ||    47
Dodge: Dodged            |    50 |    16 ||    66
Block: Buckler           |    26 |    15 ||    41

Table legend: (Time is in decaauts)
 A = Elapsed time spent in this place.
 B = Non-inter-level travel time spent in this place.
 C = Inter-level travel time spent in this place.
 D = Time resting spent in this place.
 E = Time spent auto-exploring this place.
 F = Levels seen in this place.
 G = Mean time per level.
                   A        B        C        D        E       F      G
               +--------+--------+--------+--------+--------+-----+--------+
         Total |   2722 |   2691 |     31 |      0 |   2292 |   3 |  907.3 |
       Dungeon |   2722 |   2691 |     31 |      0 |   2292 |   3 |  907.3 |
               +--------+--------+--------+--------+--------+-----+--------+

Top non-repeatable levels by time:
     D:2: 1343 daAuts
     D:1: 1327 daAuts
     D:3: 52 daAuts
